[Event "African Games Rapid Open 2019"]
[Site "Casablanca"]
[Date "2019.08.27"]
[Round "9.23"]
[White "Kourakoumba, Florent"]
[Black "Winston Gerald, Mansfield Thomas"]
[Result "0-1"]
[ECO "C23"]
[WhiteElo "1677"]
[BlackElo "1872"]
[Annotator "NA"]
[PlyCount "80"]
[EventDate "2019.08.26"]
[EventType "team-tourn"]
[EventCountry "MAR"]
[SourceTitle "playchess.com"]
[Source "ChessBase"]
[SourceQuality "1"]
[TimeControl "900+10"]

1. e4 e5 2. Bc4 Nc6 3. c3 d6 4. Ne2 Nf6 5. d3 Be7 6. O-O O-O 7. f4 exf4 8. Nxf4 a6 9. Bb3 Na5 10. Bc2 c5 11. Na3 b5 12. d4 Bb7 13. Qe2 Qc7 14. Nh5 cxd4 15. cxd4 Nc4 16. e5 dxe5 17. dxe5 Qxe5 18. Qxe5 Nxe5 19. Ng3 Bc5+ 20. Kh1 Neg4 21. h3 Nf2+ 22. Kh2 Rfe8 23. Bg5 N6e4 24. Nxe4 Nxe4 25. Bf4 Nf6 26. Rac1 Re2 27. Bxh7+ Kxh7 28. Rxc5 Rxg2+ 29. Kh1 Rc2+ 30. Kg1 Rxc5 31. Rf2 Re8 32. Nc2 Re4 33. Bg3 Rg5 34. Kh2 Kg8 35. a3 Nh5 36. Bd6 Rd5 37. Bb8 Rd1 38. Nb4 Ree1 39. Nd5 Bxd5 40. Bg3 Rh1# 0-1